 Dungeon Crawl Stone Soup version 0.32-a0-314-g526f7d4993 (webtiles) character file.

Game seed: 12018874308195446571

108 ezpacito the Chopper (level 4, -1/33 HPs)
             Began as a Demonspawn Gladiator on Feb 15, 2024.
             Was an Initiate of Beogh.
             Blown up by Ijyb (5 damage)
             ... with a mindburst bolt
             ... on level 3 of the Dungeon.
             The game lasted 00:02:02 (2239 turns).

ezpacito the Chopper (Demonspawn Gladiator)         Turns: 2239, Time: 00:02:03

Health: -1/33      AC:  8    Str: 17    XL:     4   Next: 58%
Magic:  5/5        EV: 11    Int:  8    God:    Beogh [......]
Gold:   71         SH:  0    Dex: 14    Spells: 5/5 levels left

rFire   + . .        a - +0 war axe
rCold   + . .        (no shield)
rNeg    . . .        n - +0 ring mail
rPois   +            c - +0 helmet
rElec   +            (no cloak)
rCorr   +            (no gloves)
SInv    .            p - +1 pair of boots
Will    .....        (no amulet)
Stlth   +            (no ring)
HPRegen 0.25/turn    (no ring)
MPRegen 0.09/turn

%: no passive effects
@: resistant
A: demonic magic 1
a: Renounce Religion


You were on level 3 of the Dungeon.
You worshipped Beogh.
Beogh was noncommittal.
You visited 1 branch of the dungeon, and saw 3 of its levels.

You collected 71 gold pieces.

Inventory:

Hand Weapons
 a - a +0 war axe (weapon)
Missiles
 d - 3 throwing nets (quivered)
 e - a javelin
Armour
 c - a +0 helmet (worn)
 n - a +0 ring mail (worn)
 p - a +1 pair of boots (worn)
Talismans
 g - a flux talisman
Scrolls
 b - a scroll of immolation
 j - a scroll of brand weapon
 k - a scroll of summoning
 l - 2 scrolls of teleportation
 r - a scroll of noise {unknown}
Potions
 h - 2 potions of degeneration {unknown}
 i - a potion of curing {unknown}
 m - a potion of mutation {unknown}
 o - a potion of attraction {unknown}
 s - 2 potions of heal wounds {unknown}


   Skills:
 * Level 2.2 Fighting
 * Level 3.6 Axes
 + Level 1.9 Throwing
 * Level 1.1 Armour
 + Level 2.8 Dodging
 * Level 1.4 Stealth
 * Level 0.6 Unarmed Combat
 * Level 1.2 Spellcasting


You had 5 spell levels left.
You didn't know any spells.
Your spell library was empty.

Dungeon Overview and Level Annotations

Branches:
Dungeon (3/15)

Altars:

Annotations:
D:3 Ijyb


Innate Abilities, Weirdness & Mutations

Spells you cast may paralyse adjacent enemies.


Message History

There is a stone staircase leading down, spattered with blood here.
You see here a ball python corpse.
Ijyb the Inquisitive comes into view.
She is wielding a +0 dagger and carrying a wand of mindburst.
Ijyb is nearby!
Ijyb zaps a wand.
Your mind is blasted!
Ijyb screams, "Level is mine!
All mine!"
Ijyb hits you but does no damage.
You barely miss Ijyb. Ijyb barely misses you.
You barely miss Ijyb. Ijyb hits you but does no damage. x2
You closely miss Ijyb. Ijyb hits you but does no damage.
You closely miss Ijyb.
Ijyb screams, "You look like good test subject!"
Ijyb hits you but does no damage.
You closely miss Ijyb. Ijyb hits you but does no damage. x2
You hit Ijyb.
Ijyb is lightly wounded.
Ijyb hits you but does no damage.
You closely miss Ijyb.
Ijyb is lightly wounded.
Ijyb barely misses you.
You closely miss Ijyb.
Ijyb is lightly wounded.
Ijyb stops to check on her wand.
Ijyb hits you but does no damage.
Ijyb zaps a wand.
Your mind is blasted!
You barely miss Ijyb.
Ijyb is lightly wounded.
Ijyb hits you with a +0 dagger.
It was a potion of resistance.
You feel protected. Ijyb completely misses you.
You hit Ijyb but do no damage.
Ijyb is lightly wounded.
Ijyb closely misses you.
You slash Ijyb!
Ijyb is heavily wounded.
Ijyb zaps a wand.
Your mind is blasted!
* * * LOW HITPOINT WARNING * * *
Ijyb zaps a wand.
Your mind is blasted!
You die...
Ijyb screams, "Good help so hard to find!"

#.#######>#.....#
#.# ####....# #.#
#...... #>#
#..#.#. #.#
#).#.#. #.#
#..... #.# .##. .
#.# #@# #g.# ##.#
.# .# .# .# .#


You could see Ijyb.

Vanquished Creatures
  An adder (D:2)
  2 dart slugs
  7 ball pythons
  8 endoplasms
  3 giant cockroaches
  6 goblins
  6 hobgoblins
  5 kobolds
  5 quokkas
  4 bats
  3 frilled lizards
  2 rats
52 creatures vanquished.

Notes
Turn   | Place    | Note
-------+----------+-------------------------------------------
     0 | D:1      | ezpacito the Demonspawn Gladiator began the quest for the
                  | Orb.
     0 | D:1      | Reached XP level 1. HP: 16/16 MP: 1/1
   157 | D:1      | Gained mutation: Spells you cast may paralyse adjacent
                  | enemies. [demonic ancestry]
   157 | D:1      | Reached XP level 2. HP: 17/22 MP: 2/2
   237 | D:1      | Reached skill level 1 in Stealth
   452 | D:1      | Reached skill level 3 in Axes
   454 | D:1      | Reached XP level 3. HP: 25/27 MP: 3/3
  1451 | D:2      | Reached XP level 4. HP: 33/33 MP: 5/5
  1454 | D:2      | Reached skill level 1 in Spellcasting
  1632 | D:2      | Reached skill level 1 in Armour
  1770 | D:2      | Became a worshipper of Beogh the Shepherd
  2223 | D:3      | Noticed Ijyb
  2239 | D:3      | Blown up by Ijyb

Illustrated notes

Levels and vault maps discovered:
D:1:      elethiomel_arrival_shortcut, layout_basic
D:2:      layout_basic
D:3:      layout_loops_ring, nicolae_uskayaw_en_pointe, tgw_trog,
          grunt_temple_overflow_open, chequers_serial_rivers_small_a,
          corexii_shack, kennysheep_generic_room_4, uniq_ijyb,
          uniq_crazy_yiuf_cottage, uniq_natasha

Skill      XL: |  1  2  3  4 |
---------------+-------------+-----
Stealth        | 1 |  1.4
Axes           | 3 |  3.6
Spellcasting   | 1 |  1.2
Armour         | 1 |  1.1
Fighting       | |  2.2
Throwing       | |  1.9
Dodging        | |  2.8
Unarmed Combat | |  0.6

Action                     |  1- 3 |  4- 6 || total
---------------------------+-------+-------++-------
  Melee: War axe           |    99 |    64 ||   163
 Invoke: Convert to Beogh  |       |     1 ||     1
    Use: Scroll            |       |     5 ||     5
         Potion            |       |     1 ||     1
   Stab: Sleeping          |       |     1 ||     1
 Armour: Leather armour    |    37 |       ||    37
         Ring mail         |    20 |    49 ||    69
  Dodge: Dodged            |    66 |    46 ||   112

Table legend: (Time is in decaauts)
 A = Elapsed time spent in this place.
 B = Non-inter-level travel time spent in this place.
 C = Inter-level travel time spent in this place.
 D = Time resting spent in this place.
 E = Time spent auto-exploring this place.
 F = Levels seen in this place.
 G = Mean time per level.
                   A        B        C        D        E       F      G
               +--------+--------+--------+--------+--------+-----+--------+
         Total |   2293 |   2136 |    157 |      0 |   1714 |   3 |  764.3 |
       Dungeon |   2293 |   2136 |    157 |      0 |   1714 |   3 |  764.3 |
               +--------+--------+--------+--------+--------+-----+--------+

Top non-repeatable levels by time:
     D:1: 1337 daAuts
     D:2: 874 daAuts
     D:3: 81 daAuts
